 Dungeon Crawl Stone Soup version 0.20.1-1-g8b1a95d (webtiles) character file.

790 acidapple the Shooter (level 7, -4/52 HPs)
             Began as a Centaur Arcane Marksman on Sept 6, 2017.
             Was an Initiate of Sif Muna.
             Killed from afar by an orc wizard (12 damage)
             ... with a puff of flame
             ... on level 5 of the Dungeon.
             The game lasted 00:11:44 (4039 turns).

acidapple the Shooter (Centaur Arcane Marksman)     Turns: 4039, Time: 00:11:46

Health: -4/52      AC:  5    Str: 12    XL:     7   Next: 57%
Magic:  12/12      EV: 13    Int: 14    God:    Sif Muna [......]
Gold:   162        SH:  0    Dex: 10    Spells: 10/13 levels left

rFire    . . .     SeeInvis .   b - +3 dagger
rCold    . . .     Gourm    .   (no shield)
rNeg     . . .     Faith    .   l - +0 leather armour
rPois    .         Spirit   .   (no helmet)
rElec    .         Reflect  .   q - +0 cloak
rCorr    .         Harm     .   (no gloves)
MR       .....     Rnd*Tele +   (no barding)
Stlth    ..........             (no amulet)
Regen    0.2/turn               j - +4 ring of evasion
MPRegen  0.2/turn               s - ring of teleportation

@: very quick
A: hooves 3, deformed body, speed 2, tough skin 3
a: Renounce Religion


You were on level 5 of the Dungeon.
You worshipped Sif Muna.
Sif Muna was noncommittal.
You were not hungry.

You visited 1 branch of the dungeon, and saw 5 of its levels.

You collected 162 gold pieces.

Inventory:

Hand Weapons
 a - a +0 shortbow
 b - a +3 dagger (weapon)
Missiles
 d - 39 arrows
 w - 4 exploding tomahawks (quivered)
Armour
 e - a +0 robe
 l - a +0 leather armour (worn)
 q - a +0 cloak (worn)
Jewellery
 j - a +4 ring of evasion (left hand)
 s - a ring of teleportation (right hand)
Wands
 o - a wand of polymorph (14/24)
 x - a wand of random effects (21/48)
 y - a wand of paralysis (12/24)
 B - a wand of iceblast (13/15)
Scrolls
 k - 3 scrolls of identify
 m - a scroll of fog
 u - a scroll of immolation
Potions
 h - a potion of curing
 i - a potion of magic
 n - a potion of brilliance {unknown}
 p - 2 potions of might
 r - 2 potions of agility
 t - 2 potions of lignification
 A - a potion of heal wounds {unknown}
 C - a potion of invisibility {unknown}
 F - a potion of flight {unknown}
Books
 c - a book of Debilitation

   Spells                             Type                      Level
   a - Corona                         Hexes                        1
   b - Slow                           Hexes                        2
   c - Inner Flame                    Hexes/Fire                   3
   d - Portal Projectile              Hexes/Translocation          3
   e - Cause Fear                     Hexes                        4
   f - Leda's Liquefaction            Hexes/Earth                  4
Comestibles
 f - 5 bread rations
 g - a royal jelly
 z - 3 meat rations
 E - a chunk of flesh


   Skills:
 - Level 1.0 Fighting
 + Level 7.6 Bows
 - Level 1.3 Dodging
 + Level 3.5 Spellcasting
 + Level 4.8 Hexes


You had 10 spell levels left.
You knew the following spells:

 Your Spells              Type           Power        Failure   Level  Hunger
a - Corona                Hex            ###....      3%          1    None
b - Slow                  Hex            ###.....     5%          2    ##.....


Dungeon Overview and Level Annotations

Branches:
Dungeon (5/15)
 Temple: D:4-7

Altars:
Gozag
Sif Muna

Annotations:
D:4 Robin; acidapple's ghost, amateur TeAE


Innate Abilities, Weirdness & Mutations

You have hooves in place of feet.
Armour fits poorly on your strangely shaped body.
You cover ground very quickly.
You have extremely tough skin. (AC +3)


Message History

The orc wizard casts a cantrip, but nothing happens.
Something hits you.
* * * LOW HITPOINT WARNING * * *
You hit the orc wizard but do no damage.
The orc wizard hits you but does no damage.
Something hits you but does no damage.
The orc wizard hits you but does no damage.
You feel less confused. Something hits you.
* * * LOW HITPOINT WARNING * * *
You miss something. You kick something. The orc wizard barely misses you.
Something hits you.
* * * LOW HITPOINT WARNING * * *
You hit the orc wizard.
The orc wizard is moderately wounded.
The orc wizard closely misses you. Something hits you.
* * * LOW HITPOINT WARNING * * *
The orc wizard gestures at you while chanting.
The puff of flame hits you!
You die...

.......##..# #.........#
.......# #.# ##.......##
.......###.#####.........#
.......##................#
..#.#.....##...........>.#
.......)#. ###...........#
........#.#####..........#
.......(.(..(............#
..(.)#.#####o@........#
... ... #..........# o
##.. ............# #..
....####.#### ##...... .#
#...... # #...... ......


You could see an orc wizard.

Vanquished Creatures
  Sigmund (D:2)
  An ogre (D:4)
  A phantom (D:5)
  A scorpion (D:4)
  A howler monkey (D:5)
  A crimson imp (D:5)
  3 orc wizards
  Crazy Yiuf (D:2)
  Jessica (D:2)
  Ijyb (D:5)
  A worker ant (D:5)
  6 adders
  2 shadow imps (D:5)
  A worm (D:3)
  2 dart slugs
  2 leopard geckos (D:2)
  5 orcs
  2 giant cockroaches (D:1)
  11 goblins
  7 hobgoblins
  9 jackals
  A quokka (D:3)
  2 ball pythons
  7 bats
  4 frilled lizards
  6 kobolds
  6 rats
86 creatures vanquished.

Notes
Turn   | Place    | Note
-------+----------+-------------------------------------------
     0 | D:1      | acidapple the Centaur Arcane Marksman began the quest for the Orb.
     0 | D:1      | Reached XP level 1. HP: 16/16 MP: 2/2
    90 | D:1      | Reached skill level 3 in Bows
   225 | D:1      | Reached XP level 2. HP: 12/23 MP: 1/3
   694 | D:1      | Learned a level 2 spell: Slow
   699 | D:1      | Reached skill level 4 in Bows
   846 | D:1      | Reached XP level 3. HP: 25/28 MP: 4/4
  1351 | D:2      | Found a runed door.
  1355 | D:2      | Noticed Crazy Yiuf
  1405 | D:2      | Killed Crazy Yiuf
  1405 | D:2      | Reached XP level 4. HP: 17/35 MP: 2/6
  1564 | D:2      | Reached skill level 5 in Bows
  1651 | D:2      | Noticed Jessica
  1672 | D:2      | Killed Jessica
  1800 | D:2      | Noticed Sigmund
  1961 | D:3      | Reached XP level 5. HP: 33/40 MP: 5/7
  2557 | D:2      | Killed Sigmund
  2557 | D:2      | Reached skill level 6 in Bows
  2557 | D:2      | Reached XP level 6. HP: 8/47 MP: 6/9
  3145 | D:3      | Found an opulent altar of Gozag.
  3149 | D:3      | Found a deep blue altar of Sif Muna.
  3258 | D:3      | Became a worshipper of Sif Muna the Loreminder
  3514 | D:4      | Reached XP level 7. HP: 44/52 MP: 7/11
  3555 | D:4      | Noticed acidapple's ghost (amateur TeAE)
  3634 | D:4      | Noticed Robin
  3674 | D:5      | Entered Level 5 of the Dungeon
  3701 | D:5      | Reached skill level 7 in Bows
  3760 | D:5      | Noticed Ijyb
  3794 | D:5      | Killed Ijyb
  4039 | D:5      | Killed from afar by an orc wizard

Skill      XL: |  1  2  3  4  5  6  7 |
---------------+----------------------+-----
Bows           | 3 4 5 6 7 |  7.6
Hexes          | 3 4 |  4.8
Spellcasting   | 2 3 |  3.5
Fighting       | |  1.0
Dodging        | |  1.3

Action                   |  1- 3 |  4- 6 |  7- 9 || total
-------------------------+-------+-------+-------++-------
Melee: Dagger            |    75 |    81 |    64 ||   220
       Kick              |     9 |    17 |    13 ||    39
       Shortbow          |       |     1 |       ||     1
 Fire: Shortbow          |    27 |    44 |    41 ||   112
Throw: Tomahawk          |       |     3 |       ||     3
 Cast: Corona            |    25 |    11 |    13 ||    49
       Slow              |     3 |     9 |     2 ||    14
Evoke: Wand              |       |     3 |     1 ||     4
  Use: Scroll            |     1 |     2 |     9 ||    12
 Stab: Paralysed         |       |     1 |       ||     1
  Eat: Chunk             |     1 |     8 |     1 ||    10
Armor: Robe              |    26 |       |       ||    26
       Leather armour    |     6 |    29 |    15 ||    50
Dodge: Dodged            |    63 |    40 |    36 ||   139
